 Dungeon Crawl Stone Soup version 0.21-a0-344-g2144152 (webtiles) character file.

2394 Amnesiac the Destroyer (level 9, -4/65 HPs)
             Began as a Gnoll Conjurer on Oct 4, 2017.
             Was a Follower of Ashenzari.
             Splashed by a jelly's acid (10 damage)
             ... on level 7 of the Dungeon.
             The game lasted 00:18:43 (6706 turns).

Amnesiac the Destroyer (Gnoll Conjurer)             Turns: 6706, Time: 00:18:45

Health: -4/65      AC: -10   Str: 11    XL:     9   Next: 46%
Magic:  17/18      EV: 16    Int: 20    God:    Ashenzari [*.....]
Gold:   250        SH:  0    Dex: 16    Spells: 9/21 levels left

rFire    + . .     SeeInvis .   e - +0 dagger
rCold    x . .     Gourm    .   (no shield)
rNeg     . . .     Faith    +   a - +0 robe
rPois    .         Spirit   .   f - +0 helmet
rElec    .         Reflect  .   (no cloak)
rCorr    .         Harm     .   J - +0 pair of gloves
MR       .....                  j - +0 pair of boots
Stlth    +++.......             N - amulet of faith (curse)
HPRegen  0.20/turn              C - ring of fire
MPRegen  0.16/turn              K - +2 ring of slaying (curse)

@: corroded
A: distributed training, fangs 1, strong nose
a: Curse Item, Scrying, Renounce Religion


You were on level 7 of the Dungeon.
You worshipped Ashenzari.
Ashenzari was aware of your devotion.
You were not hungry.

You visited 2 branches of the dungeon, and saw 8 of its levels.
You also visited: Sewer and Ossuary.

You collected 250 gold pieces.

Inventory:

Hand Weapons
 e - a +0 dagger (weapon)
Missiles
 h - 47 poisoned needles
Armour
 a - a +0 robe (worn)
 f - a +0 helmet (worn)
 j - a +0 pair of boots (worn)
 J - a +0 pair of gloves (worn)
Jewellery
 u - an uncursed amulet of rage
 C - a ring of fire (left hand)
 K - a cursed +2 ring of slaying (right hand)
 L - a +2 amulet of reflection
 N - a cursed amulet of faith (around neck)
Wands
 y - a wand of acid (0/15)
 G - a wand of random effects (17/48)
 M - a wand of acid (5/15)
Scrolls
 d - 5 scrolls of teleportation {!r, unknown}
 g - 4 scrolls of fear {!r, unknown}
 k - 4 scrolls of amnesia {!r, unknown}
 l - 5 scrolls of identify {!r, unknown}
 r - a scroll of fog {!r, unknown}
 x - a scroll of enchant armour {!r, unknown}
 D - 2 scrolls of enchant weapon {!r, unknown}
 F - 2 scrolls of blinking {!r, unknown}
 O - a scroll of remove curse {!r}
Potions
 i - 2 potions of mutation {!q, unknown}
 m - 2 potions of might {!q}
 n - 4 potions of agility {!q, unknown}
 o - 6 potions of heal wounds {!q, unknown}
 p - 8 potions of curing {!q, unknown}
 q - a potion of lignification {!q, unknown}
 s - 2 potions of brilliance {!q, unknown}
 t - a potion of invisibility {!q, unknown}
 v - 4 potions of haste {!q, unknown}
 z - 2 potions of degeneration {!q, unknown}
 A - a potion of berserk rage {!q, unknown}
 H - 3 potions of magic {!q, unknown}
 P - a potion of resistance {!q, unknown}
Books
 b - a book of Conjurations

   Spells                             Type                      Level
   a - Magic Dart                     Conjuration                  1
   b - Searing Ray                    Conjuration                  2
   c - Dazzling Spray                 Conjuration/Hexes            3
   d - Fulminant Prism                Conjuration/Hexes            4
   e - Force Lance                    Conjuration/Translocation    4
   f - Iskenderun's Mystic Blast      Conjuration                  4
 w - a book of Frost

   Spells                             Type                      Level
   a - Freeze                         Ice                          1
   b - Throw Frost                    Conjuration/Ice              2
   c - Ozocubu's Armour               Charms/Ice                   3
   d - Throw Icicle                   Conjuration/Ice              4
   e - Summon Ice Beast               Ice/Summoning                4
 E - a book of Flames

   Spells                             Type                      Level
   a - Flame Tongue                   Conjuration/Fire             1
   b - Throw Flame                    Conjuration/Fire             2
   c - Conjure Flame                  Conjuration/Fire             3
   d - Inner Flame                    Hexes/Fire                   3
   e - Sticky Flame                   Conjuration/Fire             4
   f - Fireball                       Conjuration/Fire             5
Comestibles
 c - 4 bread rations
 B - 3 meat rations
 I - 4 chunks of flesh


   Skills:
 + Level 4.2 Fighting
 + Level 4.2 Short Blades
 + Level 4.2 Long Blades
 + Level 4.2 Axes
 + Level 4.2 Maces & Flails
 + Level 4.2 Polearms
 + Level 4.2 Staves
 + Level 4.2 Slings
 + Level 4.2 Bows
 + Level 4.2 Crossbows
 + Level 4.2 Throwing
 + Level 4.2 Armour
 + Level 6.3 Dodging
 + Level 6.0 Stealth
 + Level 4.2 Shields
 + Level 4.2 Unarmed Combat
 + Level 6.6 Spellcasting
 + Level 9.5 Conjurations
 + Level 4.2 Hexes
 + Level 4.2 Charms
 + Level 4.2 Summonings
 + Level 4.2 Necromancy
 + Level 4.2 Translocations
 + Level 4.2 Transmutations
 + Level 4.2 Fire Magic
 + Level 4.2 Ice Magic
 + Level 4.2 Air Magic
 + Level 4.2 Earth Magic
 + Level 4.2 Poison Magic
 + Level 4.2 Invocations
 + Level 4.2 Evocations


You had 9 spell levels left.
You knew the following spells:

 Your Spells              Type           Power        Failure   Level  Hunger
a - Magic Dart            Conj           ####         1%          1    None
b - Ozocubu's Armour      Chrm/Ice       ###.....     5%          3    #......
e - Sticky Flame          Conj/Fire      ######..     6%          4    ###....
s - Fulminant Prism       Conj/Hex       ####......   6%          4    ###....


Dungeon Overview and Level Annotations

Branches:
Dungeon (7/15)             Temple (1/1) D:5

Altars:
Ashenzari
Dithmenos
Fedhas
Gozag
Hepliaklqana
Makhleb
Nemelex Xobeh
Qazlal
Sif Muna
Trog
Uskayaw
Vehumet
Wu Jian
Xom
Yredelemnul
The Shining One

Annotations:
D:7 2 transporters


Innate Abilities, Weirdness & Mutations

Your experience applies equally to all skills.
You have very sharp teeth.
Your uncanny sense of smell can sniff out nearby items.


Message History

You barely miss the jelly.
The jelly is heavily wounded.
The jelly barely misses you.
You hit the jelly but do no damage.
Your hands burn!
The jelly is heavily wounded.
The jelly completely misses you.
You barely miss the jelly.
The jelly is heavily wounded.
You hit the jelly.
Your hands burn!
You bite the jelly, but do no damage.
The jelly is heavily wounded.
The jelly hits you.
You are splashed with acid!
The acid burns!
* * * LOW HITPOINT WARNING * * *
You hit the jelly.
Your hands burn!
* * * LOW HITPOINT WARNING * * *
You bite the jelly, but do no damage.
The jelly is severely wounded.
The jelly closely misses you.
You hit the jelly but do no damage.
Your hands burn!
* * * LOW HITPOINT WARNING * * *
The jelly is severely wounded.
The jelly barely misses you.
You hit the jelly but do no damage.
Your hands burn!
* * * LOW HITPOINT WARNING * * *
The jelly is severely wounded.
You hit the jelly but do no damage.
Your hands burn!
* * * LOW HITPOINT WARNING * * *
The jelly is severely wounded.
The jelly misses you.
You hit the jelly but do no damage.
Your hands burn!
* * * LOW HITPOINT WARNING * * *
The jelly is severely wounded.
The jelly closely misses you.
You hit the jelly but do no damage.
Your hands burn!
* * * LOW HITPOINT WARNING * * *
The jelly is severely wounded.
The jelly closely misses you.
You hit the jelly but do no damage.
Your hands burn!
* * * LOW HITPOINT WARNING * * *
The jelly is severely wounded.
The jelly misses you.
You hit the jelly but do no damage.
Your hands burn!
* * * LOW HITPOINT WARNING * * *
The jelly is severely wounded.
You hit the jelly but do no damage.
Your hands burn!
* * * LOW HITPOINT WARNING * * *
The jelly is severely wounded.
The jelly barely misses you.
You hit the jelly but do no damage. The acid corrodes you!
Your hands burn!
* * * LOW HITPOINT WARNING * * *
You bite the jelly, but do no damage.
The jelly is severely wounded.
The jelly misses you.
Unknown command.
Casting: Fulminant Prism
Confirm with . or Enter, or press ? or * to list all spells.
Aiming: Magic Dart
Press: ? - help, Shift-Dir - straight line, f - jelly
Aim: a jelly (severely wounded)
The magic dart hits the jelly.
The jelly is severely wounded.
The jelly hits you.
* * * LOW HITPOINT WARNING * * *
The acid corrodes you!
You are splashed with acid!
The acid burns!
You die...

######.#.##.#.#.#.............
#......#.##.#.#.#.#.........#.
##.##..#.##.#...#.#.<.......#.
#.##..#.##.#...#.####......#.
#.##..#.##.##..#.####.####.#.
#(.#..#.##.##....##...# #.#.
##.#..#.##.#..........####.#.
#.#.....#.#.###+###.......#.
#.##.####.#@# #.# #..######
#.##.####.#J###.###........
#.##......#.'.._..+..#####.
#.#########.#######..# #.# #.#
### #..# #.# #.#######..# #.#
#.........## #.# ##...$.####
#.# ∆+.....#


You could see a jelly.

Vanquished Creatures
  The ghost of Amnesiac the Digger, a novice GnEE (D:6)
  Menkaure (D:4)
  Duvessa (D:6)
  An orc warrior (D:6)
  An ice beast (D:7)
  A phantom (D:6)
  3 ogres
  A centaur (D:6)
  Dowan (D:6)
  11 scorpions
  A howler monkey (D:4)
  2 human zombies (Ossuary)
  5 hounds
  A jelly (D:6)
  2 bullfrog skeletons
  A centaur skeleton (D:6)
  Ijyb (D:4)
  A worker ant (D:6)
  A killer bee zombie (D:5)
  The ghost of Amnesiac the Destroyer, a weakling GnCj (D:4)
  3 mummies (Ossuary)
  A worker ant zombie (D:5)
  3 adders
  A river rat (D:5)
  A shadow imp (D:5)
  An adder skeleton (D:4)
  An adder zombie (D:5)
  3 worms
  4 leopard geckos
  11 orcs
  6 ball pythons
  4 giant cockroaches
  2 gnoll zombies (Ossuary)
  2 hobgoblins
  13 jackals
  3 quokkas
  A bat (D:1)
  4 frilled lizards (Sewer)
  2 goblins (D:1)
  A goblin zombie (Ossuary)
  2 hobgoblin zombies (Ossuary)
  11 kobolds
  2 kobold zombies (Ossuary)
  A leopard gecko skeleton (D:6)
  An orc zombie (Ossuary)
  5 rats
  6 plants (Sewer)
133 creatures vanquished.

Vanquished Creatures (others)
  2 scorpions (Ossuary)
  2 hobgoblin zombies (Ossuary)
  A kobold zombie (Ossuary)
  41 fulminant prisms
46 creatures vanquished.

Grand Total: 179 creatures vanquished

Notes
Turn   | Place    | Note
-------+----------+-------------------------------------------
     0 | D:1      | Amnesiac the Gnoll Conjurer began the quest for the Orb.
     0 | D:1      | Reached XP level 1. HP: 13/13 MP: 6/6
   193 | D:2      | Reached XP level 2. HP: 20/20 MP: 4/7
   296 | D:1      | Reached XP level 3. HP: 25/25 MP: 3/9
   406 | D:3      | Reached skill level 5 in Spellcasting
   681 | D:4      | Noticed Amnesiac's ghost (weakling GnCj)
   686 | D:4      | Killed Amnesiac's ghost
   698 | D:4      | Noticed an ogre
   700 | D:4      | Noticed an ogre
   724 | D:4      | Noticed a scorpion
   737 | D:4      | Found a sand-covered staircase.
   743 | D:4      | Reached skill level 1 in Fighting
   743 | D:4      | Reached skill level 1 in Short Blades
   743 | D:4      | Reached skill level 1 in Long Blades
   743 | D:4      | Reached skill level 1 in Axes
   743 | D:4      | Reached skill level 1 in Maces & Flails
   743 | D:4      | Reached skill level 1 in Polearms
   743 | D:4      | Reached skill level 1 in Staves
   743 | D:4      | Reached skill level 1 in Slings
   743 | D:4      | Reached skill level 1 in Bows
   743 | D:4      | Reached skill level 1 in Crossbows
   743 | D:4      | Reached skill level 1 in Throwing
   743 | D:4      | Reached skill level 1 in Armour
   743 | D:4      | Reached skill level 1 in Shields
   743 | D:4      | Reached skill level 1 in Unarmed Combat
   743 | D:4      | Reached skill level 1 in Hexes
   743 | D:4      | Reached skill level 1 in Charms
   743 | D:4      | Reached skill level 1 in Summonings
   743 | D:4      | Reached skill level 1 in Necromancy
   743 | D:4      | Reached skill level 1 in Translocations
   743 | D:4      | Reached skill level 1 in Transmutations
   743 | D:4      | Reached skill level 1 in Fire Magic
   743 | D:4      | Reached skill level 1 in Ice Magic
   743 | D:4      | Reached skill level 1 in Air Magic
   743 | D:4      | Reached skill level 1 in Earth Magic
   743 | D:4      | Reached skill level 1 in Poison Magic
   743 | D:4      | Reached skill level 1 in Invocations
   743 | D:4      | Reached skill level 1 in Evocations
   743 | D:4      | Reached XP level 4. HP: 13/32 MP: 0/11
   746 | Ossuary  | Entered an ossuary
   893 | Ossuary  | Reached XP level 5. HP: 28/37 MP: 9/12
   901 | Ossuary  | Learned a level 4 spell: Fulminant Prism
  1021 | Ossuary  | Reached XP level 6. HP: 30/44 MP: 4/13
  1127 | Ossuary  | Reached skill level 5 in Dodging
  1559 | Ossuary  | Reached XP level 7. HP: 48/50 MP: 4/15
  1905 | D:3      | Reached skill level 5 in Stealth
  2023 | D:4      | Reached skill level 9 in Conjurations
  2036 | D:4      | Noticed Ijyb
  2185 | D:4      | Killed Ijyb
  2207 | D:4      | Reached XP level 8. HP: 32/57 MP: 3/16
  2304 | D:4      | Noticed Menkaure
  2318 | D:4      | Killed Menkaure
  2678 | D:5      | Entered Level 5 of the Dungeon
  2831 | D:5      | Found a staircase to the Ecumenical Temple.
  2867 | Temple   | Entered the Ecumenical Temple
  3083 | Temple   | Became a worshipper of Ashenzari the Shackled
  3232 | D:5      | Found a glowing drain.
  3286 | Sewer    | Entered a sewer
  5060 | D:5      | Found a bloodstained altar of Trog.
  5109 | D:5      | Learned a level 4 spell: Sticky Flame
  5401 | D:6      | Noticed Duvessa
  5408 | D:6      | Noticed Dowan
  5417 | D:6      | Killed Duvessa
  5419 | D:6      | Killed Dowan
  5479 | D:6      | Noticed Amnesiac's ghost (novice GnEE)
  5578 | D:6      | Killed Amnesiac's ghost
  5578 | D:6      | Reached XP level 9. HP: 14/65 MP: 0/18
  6269 | D:6      | Reached * piety under Ashenzari
  6394 | D:7      | Found a transporter.
  6403 | D:7      | Found a stormy altar of Qazlal.
  6410 | D:7      | Learned a level 3 spell: Ozocubu's Armour
  6411 | D:7      | Found the +3 pair of gauntlets of War {Slay+5}
  6440 | D:7      | Found a transporter.
  6670 | D:7      | Found a shimmering altar of Xom.
  6706 | D:7      | Splashed by a jelly's acid

Vault maps used:
D:1:      dpeg_arrival_boxorama, serial_forest, infiniplex_forest_clump_curved,
          infiniplex_forest_clump_medium, infiniplex_forest_end_2,
          infiniplex_forest_straight_4, infiniplex_forest_clump_C,
          infiniplex_forest_clump_medium, infiniplex_forest_clump_double,
          infiniplex_forest_zigzag_1, infiniplex_forest_lined_ring,
          infiniplex_forest_clump_small
D:2:      chequers_temple_overflow_minitemple, serial_bayou_pond_e
D:3:      uniq_robin
D:4:      enter_ossuary_5, uniq_ijyb, uniq_menkaure
D:5:      temple_doors_e, basic_altar, first_bread, portal_sewer_entry_a
D:6:      uniq_duvessa
D:7:      gammafunk_temple_overflow_arena, lemuel_doored_altar, serial_shops,
          shop
Temple:   nicolae_temple_figure_eight
Sewer:    sewer_co_scattered_pipes
Ossuary:  ossuary_minmay_scorpions

Skill      XL: |  1  2  3  4  5  6  7  8  9 |
---------------+----------------------------+-----
Spellcasting   | 5 6 |  6.6
Fighting       | 1 2 3 4 |  4.2
Short Blades   | 1 2 3 4 |  4.2
Long Blades    | 1 2 3 4 |  4.2
Axes           | 1 2 3 4 |  4.2
Maces & Flails | 1 2 3 4 |  4.2
Polearms       | 1 2 3 4 |  4.2
Staves         | 1 2 3 4 |  4.2
Slings         | 1 2 3 4 |  4.2
Bows           | 1 2 3 4 |  4.2
Crossbows      | 1 2 3 4 |  4.2
Throwing       | 1 2 3 4 |  4.2
Armour         | 1 2 3 4 |  4.2
Shields        | 1 2 3 4 |  4.2
Unarmed Combat | 1 2 3 4 |  4.2
Hexes          | 1 2 3 4 |  4.2
Charms         | 1 2 3 4 |  4.2
Summonings     | 1 2 3 4 |  4.2
Necromancy     | 1 2 3 4 |  4.2
Translocations | 1 2 3 4 |  4.2
Transmutations | 1 2 3 4 |  4.2
Fire Magic     | 1 2 3 4 |  4.2
Ice Magic      | 1 2 3 4 |  4.2
Air Magic      | 1 2 3 4 |  4.2
Earth Magic    | 1 2 3 4 |  4.2
Poison Magic   | 1 2 3 4 |  4.2
Invocations    | 1 2 3 4 |  4.2
Evocations     | 1 2 3 4 |  4.2
Dodging        | 5 6 |  6.3
Stealth        | 5 6 |  6.0
Conjurations   | 9 |  9.5

Action                   |  1- 3 |  4- 6 |  7- 9 || total
-------------------------+-------+-------+-------++-------
Melee: Dagger            |     2 |    11 |   831 ||   844
       Bite              |       |     1 |   141 ||   142
       Punch             |       |       |    18 ||    18
 Cast: Magic Dart        |    44 |    22 |   150 ||   216
       Fulminant Prism   |       |    10 |    31 ||    41
       Sticky Flame      |       |       |    12 ||    12
Invok: Curse Item        |       |       |     2 ||     2
 Stab: Sleeping          |     2 |     2 |     3 ||     7
       Distracted        |       |       |     1 ||     1
  Eat: Fruit             |       |     2 |       ||     2
       Royal jelly       |       |       |     3 ||     3
       Chunk             |       |       |    21 ||    21
Armor: Robe              |     1 |     2 |    26 ||    29
Dodge: Dodged            |     8 |    14 |   148 ||   170

Table legend:
 A = Spawn XP
 B = Non-spawn XP
 C = Spawn XP percentage of total XP
 D = Spawn monster count
 E = Non-spawn monster count
 F = Spawn count percentage of total count
 G = Total turns spent on level
                    A         B        C        D         E        F      G
               +---------+---------+-------+---------+---------+-------+---------
         Total |       0 |    3421 |   0.0 |       0 |     127 |   0.0 |  6706
               +---------+---------+-------+---------+---------+-------+---------
           D:1 |       0 |      15 |   0.0 |       0 |       9 |   0.0 |   141
           D:2 |       0 |      21 |   0.0 |       0 |       5 |   0.0 |   268
           D:3 |       0 |     117 |   0.0 |       0 |       3 |   0.0 |   276
           D:4 |       0 |     540 |   0.0 |       0 |      15 |   0.0 |   862
           D:5 |       0 |     150 |   0.0 |       0 |      18 |   0.0 |   945
           D:6 |       0 |    1381 |   0.0 |       0 |      21 |   0.0 |   995
           D:7 |       0 |     373 |   0.0 |       0 |       8 |   0.0 |   312
         Sewer |       0 |      48 |   0.0 |       0 |      25 |   0.0 |  1544
       Ossuary |       0 |     776 |   0.0 |       0 |      23 |   0.0 |  1134
               +---------+---------+-------+---------+---------+-------+---------
